 Dungeon Crawl Stone Soup version 0.9.0-27-g8a39726 character file.

19562 Sephael the Grappler (level 12, -2/115 HPs)
             Began as a Troll Monk on Nov 18, 2011.
             Was the Champion of Makhleb.
             Slain by a yak (18 damage)
             ... on Level 2 of the Lair of Beasts on Nov 19, 2011.
             The game lasted 01:23:25 (13191 turns).

Sephael the Grappler (Troll Monk)                  Turns: 13191, Time: 01:23:25

HP  -2/115       AC 17     Str 26      XL: 12   Next: 21%
MP   8/8         EV 15     Int  6      God: Makhleb [******]
Gold 341         SH  0     Dex 12      Spells:  0 memorised, 13 levels left

Res.Fire  : . . .   See Invis. : +     - Unarmed
Res.Cold  : . . .   Warding    : . . M - +2 robe {MR} (curse)
Life Prot.: . . .   Conserve   : .   (shield restricted)
Res.Acid. : . . .   Res.Corr.  : .   (helmet restricted)
Res.Poison: +       Clarity    : .   u - +3 cloak of the Tortoise {rPois SInv}
Res.Elec. : .       Spirit.Shd : .   (gloves unavailable)
Sust.Abil.: + .     Stasis     : .   (boots unavailable)
Res.Mut.  : .       Ctrl.Telep.: .   (no amulet)
Res.Rott. : .       Levitation : .   X - +6 ring of protection
Gourmand  : +       Ctrl.Flight: .   y - ring of sustain abilities

@: quite resistant to hostile enchantments, fairly stealthy
A: unfitting armour, claws 3, fast metabolism 3, gourmand, regeneration 2,
saprovore 2, tough skin 2, AC +1
a: Minor Destruction, Lesser Servant of Makhleb, Major Destruction, Greater
Servant of Makhleb, Renounce Religion


You were on level 2 of the Lair of Beasts.
You worshipped Makhleb.
Makhleb was exalted by your worship.
You were full.

You visited 4 branches of the dungeon, and saw 18 of its levels.

You collected 813 gold pieces.
You spent 472 gold pieces at shops.

Inventory:

Armour
 u - the +3 cloak of the Tortoise (worn) {rPois SInv}
   (You bought it in a shop on level 13 of the Dungeon)

   It protects you from poison.
   It enhances your eyesight.
 M - a cursed +2 robe of magic resistance (worn)
Magical devices
 e - a wand of flame (24)
 l - a wand of confusion (8)
 m - a wand of lightning (10) {unknown}
 q - a wand of frost (3)
 r - a wand of cold (7)
 x - a wand of fire (6)
 D - a wand of flame (18)
 F - a wand of magic darts (5)
 G - a wand of random effects (9)
 Q - a wand of flame (7)
Comestibles
 n - a snozzcumber
 w - a meat ration
 I - 28 honeycombs
 K - 14 royal jellies
 W - a sausage
 Z - a bread ration
Scrolls
 a - a scroll of immolation {unknown}
 b - 3 scrolls of magic mapping {unknown}
 c - 4 scrolls of remove curse
 f - 3 scrolls of teleportation
 g - a scroll of fog {unknown}
 i - 2 scrolls of identify
 k - 7 scrolls of detect curse
 o - a scroll of vorpalise weapon {unknown}
 p - a scroll of enchant armour {unknown}
 E - 5 scrolls of enchant weapon II {unknown}
Jewellery
 y - a ring of sustain abilities (left hand)
 X - a +6 ring of protection (right hand)
Potions
 d - 6 potions of restore abilities
 j - a potion of resistance
 t - 3 potions of heal wounds
 z - 3 potions of might
 A - a potion of brilliance
 J - a potion of speed
 P - 2 potions of healing
Miscellaneous
 h - a crystal ball of seeing
 s - a lantern of shadows


   Skills:
 + Level 8 Fighting
 + Level 12 Dodging
 - Level 3 Stealth
 - Level 2 Stabbing
 + Level 1 Traps & Doors
 + Level 13 Unarmed Combat
 - Level 1 Spellcasting
 + Level 2 Invocations
 + Level 1 Evocations


You had 13 spell levels left.
You didn't know any spells.

Dungeon Overview and Level Annotations

Branches:
Dungeon (13/27)            Temple (1/1) D:4            Lair (2/8) D:13
   Hive (2/2) D:13
    Orc: D:6-11       Swamp: Lair:2-5

Altars:
Ashenzari
Cheibriados
Elyvilon
Fedhas
Kikubaaqudgha
Makhleb
Nemelex Xobeh
Okawaru
The Shining One
Trog
Vehumet
Xom
Yredelemnul
Zin

Shops:
D:5: [ D:6: ( D:9: ? D:13: [


Innate Abilities, Weirdness & Mutations

You are too large for most types of armour.
You have claws for hands.
Your metabolism is lightning-fast.
You like to eat raw meat.
You heal very quickly.
You can eat rotten meat.
You are covered in fur (AC +1).
You have very tough skin (AC +2).


Message History

* * * LOW HITPOINT WARNING * * *
You barely miss the yak. The yak gores you but does no damage.
The yak closely misses you. The yak misses you.
You hit the yak.
The yak is lightly wounded.
The yak begins to bleed from its wounds!
The yak barely misses you. The yak misses you. The yak gores you!
* * * LOW HITPOINT WARNING * * *
You mangle the yak!! You headbutt the yak.
The yak is moderately wounded.
You barely miss the yak. The yak gores you but does no damage.
The yak gores you!
* * * LOW HITPOINT WARNING * * *
The yak barely misses you.
You mangle the yak!!
You kill the yak!
Makhleb accepts your kill. The yak closely misses you.
The yak gores you but does no damage.
You barely miss the yak. The yak gores you!
You die...

..............
.............
.#............
##.............
P..#............
................
#....P..........
#......%.%.......
#.....)@Y.......
#......%Y.......
#P#..............
###.#..........
#.##.........
###..........
#...........
#.#.........
###...#.....


You could see 2 yaks.

Vanquished Creatures
  Jozef (D:10)
  The ghost of Wesley the Insei, an experienced DsTm of Nemelex Xobeh (D:9)
  2 hill giants
  Pikel (D:6)
  An unseen horror (D:13)
  A spiny frog (Lair:1)
  2 weapon mimics
  An elephant (D:13)
  4 ugly things (D:13)
  A queen bee (Hive:2)
  A komodo dragon (Lair:2)
  A smoke demon (D:11)
  A giant toad (D:13)
  4 blink frogs (Lair:2)
  2 wraiths (D:13)
  A hippogriff (D:12)
  12 yaks
  2 manticores
  A wyvern (D:9)
  A soldier ant (D:11)
  4 ice beasts
  2 ogres
  5 orc warriors
  A phantom (D:5)
  6 sky beasts
  3 centaurs
  2 crocodiles (Lair:2)
  Duvessa (D:6)
  A water moccasin (Lair:1)
  A giant slug (Lair:2)
  2 big kobolds
  2 giant frogs
  A basilisk zombie (D:13)
  Blork the orc (D:6)
  An eye of draining (D:12)
  91 killer bees
  4 wights
  2 goliath beetles
  2 electric eels (D:12)
  A big kobold zombie (D:10)
  3 quasits
  A jellyfish (D:12)
  13 imps
  Dowan (D:6)
  5 orc priests
  A shadow (D:13)
  2 big fish (D:12)
  7 hounds
  3 iguanas
  2 hound skeletons
  2 porcupines (Lair:2)
  3 scorpions
  8 orc wizards
  10 worker ants
  2 sheep (D:13)
  Ijyb (D:2)
  2 jellies
  2 mummies
  4 gnolls (D:5)
  8 green rats
  17 snakes
  2 giant mites (D:5)
  3 iguana zombies
  A giant centipede (Lair:2)
  A snake skeleton (D:6)
  A snake zombie (D:10)
  A worm (D:2)
  2 grey rats (D:5)
  2 bat skeletons (D:6)
  2 giant eyeballs
  2 oozes
  29 orcs
  6 giant cockroaches
  19 hobgoblins
  12 jackals
  4 quokkas
  4 small snakes
  19 bats
  6 giant geckos
  8 giant newts
  10 goblins
  45 killer bee larvae
  19 kobolds
  A kobold skeleton (D:5)
  An orc skeleton (D:2)
  6 rats
  7 ballistomycetes (D:11)
  A plant (Hive:2)
  A toadstool (D:5)
486 creatures vanquished.

Vanquished Creatures (collateral kills)
  5 slime creatures (D:13)
  Urug (D:13)
  A giant toad (D:13)
  A wyvern (D:10)
  2 yaks (D:10)
  18 killer bees (Hive:1)
  A worm (D:10)
  2 killer bee larvae (Hive:1)
  A kobold (D:13)
32 creatures vanquished.

Vanquished Creatures (others)
  An orange demon (Hive:1)
  2 slime creatures (D:13)
  A yak (D:10)
  A ynoxinul (D:10)
  A centaur (D:6)
  12 ufetubi
  A hobgoblin (D:11)
  A kobold (D:6)
  2 giant spores (D:11)
  A jackal (D:9)
  A killer bee larva (Hive:2)
  A rat (Lair:1)
  A ballistomycete (D:11)
  4 toadstools
30 creatures vanquished.

Grand Total: 548 creatures vanquished

Notes
Turn   | Place    | Note
--------------------------------------------------------------
     0 | D:1      | Sephael, the Troll Monk, began the quest for the Orb.
     0 | D:1      | Reached XP level 1. HP: 20/20 MP: 0/0
   383 | D:1      | Reached XP level 2. HP: 28/28 MP: 0/0
   746 | D:2      | Noticed Ijyb
   794 | D:2      | Defeated Ijyb
   794 | D:2      | Reached XP level 3. HP: 31/35 MP: 1/1
  1125 | D:2      | Reached XP level 4. HP: 42/44 MP: 1/1
  1351 | D:2      | Found a blossoming altar of Fedhas.
  1578 | D:3      | Found a sparkling altar of Nemelex Xobeh.
  1867 | D:3      | Found a glowing golden altar of the Shining One.
  1973 | D:3      | Reached skill level 5 in Unarmed Combat
  2343 | D:4      | Reached skill level 1 in Stabbing
  2343 | D:4      | Reached XP level 5. HP: 37/50 MP: 1/1
  2350 | D:4      | Found a staircase to the Ecumenical Temple.
  2373 | Temple   | Entered the Ecumenical Temple
  2950 | D:5      | Entered Level 5 of the Dungeon
  2969 | D:5      | Reached XP level 6. HP: 36/59 MP: 2/2
  3110 | D:5      | Found a snail-covered altar of Cheibriados.
  3117 | D:5      | Found Moext's Armour Shop.
  3170 | D:5      | Reached skill level 6 in Unarmed Combat
  3248 | D:5      | Paralysed by a giant eyeball for 3 turns
  3368 | D:5      | Reached XP level 7. HP: 64/66 MP: 2/2
  3956 | D:6      | Noticed Blork the orc
  3964 | D:6      | Defeated Blork the orc
  4103 | Temple   | Became a worshipper of Makhleb the Destroyer
  4146 | D:6      | Noticed Duvessa
  4156 | D:6      | Defeated Duvessa
  4156 | D:6      | Reached skill level 7 in Unarmed Combat
  4167 | D:6      | Noticed Dowan
  4175 | D:6      | Reached skill level 5 in Dodging
  4175 | D:6      | Reached XP level 8. HP: 76/76 MP: 2/2
  4185 | D:6      | Defeated Dowan
  4239 | D:6      | Found an iron altar of Okawaru.
  4288 | D:6      | Found Punueffaupt's Weapon Emporium.
  4300 | D:6      | Noticed Pikel
  4326 | D:6      | Defeated Pikel
  4746 | D:6      | Found a white marble altar of Elyvilon.
  4946 | D:6      | Acquired Makhleb's first power
  5232 | D:7      | You fall through a shaft!
  5352 | D:9      | Reached skill level 8 in Unarmed Combat
  5352 | D:9      | Reached XP level 9. HP: 41/83 MP: 3/3
  5769 | D:8      | Acquired Makhleb's second power
  5792 | D:8      | Reached skill level 5 in Fighting
  5837 | D:8      | Found a shattered altar of Ashenzari.
  6327 | D:9      | Found Xuraax's Magic Scroll Emporium.
  6334 | D:9      | Noticed Wesley's ghost (experienced DsTm)
  6439 | D:9      | Defeated Wesley's ghost
  6648 | D:9      | Reached skill level 9 in Unarmed Combat
  6675 | D:9      | Acquired Makhleb's third power
  6705 | D:9      | Bought a scroll of teleportation for 39 gold pieces
  6705 | D:9      | Bought a scroll of remove curse for 39 gold pieces
  6705 | D:9      | Bought a scroll of identify for 26 gold pieces
  6705 | D:9      | Bought a scroll of identify for 26 gold pieces
  6807 | D:9      | Reached skill level 1 in Traps & Doors
  6824 | D:9      | Reached XP level 10. HP: 88/93 MP: 3/3
  6878 | D:10     | Entered Level 10 of the Dungeon
  6932 | D:10     | Paralysed by a giant eyeball for 3 turns
  7014 | D:10     | Noticed Jozef
  7027 | D:10     | Defeated Jozef
  7085 | D:10     | Found a burning altar of Makhleb.
  7100 | D:10     | Reached skill level 10 in Unarmed Combat
  7495 | D:11     | Acquired Makhleb's fourth power
  7555 | D:11     | Noticed Sonja
  8171 | D:11     | Reached skill level 11 in Unarmed Combat
  8171 | D:11     | Reached XP level 11. HP: 82/102 MP: 3/3
  8662 | D:12     | Reached skill level 1 in Invocations
  8747 | D:12     | Acquired Makhleb's fifth power
  9090 | D:13     | Found Ywnaehil's Armour Boutique.
  9101 | D:13     | Found a staircase to the Hive.
  9116 | D:13     | Bought the cursed +3 cloak of the Tortoise {rPois SInv} for 342 gold pieces
  9234 | D:13     | HP: 4/102 [yak (9)]
  9304 | Hive:1   | Entered Level 1 of the Hive
  9374 | Hive:1   | Reached skill level 10 in Dodging
  9514 | Hive:2   | Entered Level 2 of the Hive
 10104 | Hive:2   | Reached skill level 12 in Unarmed Combat
 10294 | Hive:2   | Got a colourful book
 11228 | Hive:1   | Gained mutation: Space occasionally distorts in your vicinity.
 11228 | Hive:1   | Gained mutation: You have very sharp teeth.
 11236 | Hive:1   | Lost mutation: Space occasionally distorts in your vicinity.
 11236 | Hive:1   | Lost mutation: You have very sharp teeth.
 11247 | Hive:1   | Identified Sif Muna's Reference Book on Necromancy and Lightness (You found it on level 2 of the Hive)
 11277 | D:13     | Found a radiant altar of Vehumet.
 11371 | D:13     | Found a staircase to the Lair.
 11464 | D:13     | Reached skill level 1 in Spellcasting
 11499 | D:13     | Noticed Urug
 11507 | D:13     | Defeated Urug
 11832 | D:13     | Reached XP level 12. HP: 113/113 MP: 8/8
 12407 | Lair:1   | Entered Level 1 of the Lair of Beasts
 12481 | Lair:1   | Reached skill level 13 in Unarmed Combat
 12794 | Lair:2   | Reached skill level 1 in Evocations
 13191 | Lair:2   | Slain by a yak
